 Dungeon Crawl Stone Soup version 0.32-a0-656-g3542139ebd (webtiles) character file.

Game seed: 334275208230023316

251216 kae the Fencer (level 19, -5/155 HPs)
             Began as a Coglin Gladiator on Mar 8, 2024.
             Was the Champion of Okawaru.
             Slain by Xtahua (10 damage)
             ... on level 2 of the Vaults.
             The game lasted 00:55:07 (34327 turns).

kae the Fencer (Coglin Gladiator)                  Turns: 34327, Time: 00:55:07

Health: -5/155     AC: 28    Str: 14    XL:     19   Next: 65%
Magic:  28/28      EV: 19    Int: 12    God:    Okawaru [******]
Gold:   3228       SH:  0    Dex: 33    Spells: 18/18 levels left

rFire   + . .        P - +9 scimitar (holy) {Navbir}
rCold   + . .        s - +8 scimitar "Jeiq" {venom, Dex+2 SInv Stlth+}
rNeg    . . .        T - +6 scale mail of the Iron City of Dis {-Cast rPois rF+ rC+ SInv}
rPois   +            v - +2 helmet
rElec   +            i - +2 cloak
rCorr   .            c - +2 pair of gloves of Duty {+Blink Regen+ Str-2 Dex+4}
SInv    +            b - +2 pair of boots of the Tundras {rPois Int+5 Dex+4}
Will    ++...        (amulet unavailable)
Stlth   +++++        (ring unavailable)
HPRegen 1.25/turn    (ring unavailable)
MPRegen 0.21/turn    G - superadeledicnander capacitor {Rampage Acrobat rElec Will+}

%: no spellcasting, acrobat, rampage
@: marked, revved
A: off-hand wielding, slow wielding, warmup strikes, no jewellery
}: 2/15 runes: decaying, gossamer
a: Renounce Religion, Evoke Blink, Heroism, Finesse, Duel


You were on level 2 of the Vaults.
You worshipped Okawaru.
Okawaru was exalted by your worship.
You visited 7 branches of the dungeon, and saw 33 of its levels.
You also visited: Gauntlet, Volcano and Wizlab.

You collected 4276 gold pieces.
You spent 1048 gold pieces at shops.


Innate Abilities, Weirdness & Mutations

You can wield a second weapon in your off-hand.
It takes a long time for you to wield or remove held weapons.
Your first few attacks do less damage.
You cannot equip rings or amulets.


   Skills:
 - Level 15.0 Fighting
 + Level 18.2 Long Blades
 - Level 13.0 Throwing
 - Level 10.0 Armour
 - Level 10.0 Dodging
 - Level 8.0 Stealth
 + Level 12.6 Invocations
 - Level 8.0 Evocations


You had 18 spell levels left.
You didn't know any spells.
Your spell library contained the following spells:

 Spells                   Type           Power      Damage    Failure   Level
 Magic Dart               Conj           0%         1d3       71%         1
 Slow                     Hex            0%         N/A       71%         1
 Cigotuvi's Dreadful Rot  Necr/Alch/Air  0%         N/A       85%         2
 Ensorcelled Hibernation  Hex/Ice        0%         N/A       85%         2
 Lesser Beckoning         Tloc           0%         N/A       85%         2
 Mercury Vapours          Alch/Air       0%         N/A       85%         2
 Scorch                   Fire           0%         2d5       85%         2
 Searing Ray              Conj           0%         2d4       85%         2
 Sublimation of Blood     Necr           0%         N/A       85%         2
 Confusing Touch          Hex            0%         N/A       97%         3
 Fugue of the Fallen      Necr           0%         N/A       97%         3
 Gell's Gravitas          Tloc           0%         N/A       97%         3
 Inner Flame              Hex/Fire       0%         N/A       97%         3
 Mephitic Cloud           Conj/Alch/Air  0%         N/A       97%         3
 Sigil of Binding         Hex            0%         N/A       97%         3
 Teleport Other           Tloc           0%         N/A       97%         3
 Vampiric Draining        Necr           0%         2d6       97%         3
 Anguish                  Hex/Necr       0%         N/A       100%        4
 Dispel Undead            Necr           0%         3d6       100%        4
 Flame Wave               Conj/Fire      0%         2d4       100%        4
 Fulminant Prism          Conj/Alch      0%         3d5       100%        4
 Leda's Liquefaction      Alch/Erth      0%         N/A       100%        4
 Petrify                  Alch/Erth      0%         N/A       100%        4
 Sticky Flame             Fire/Alch      0%         2d4       100%        4
 Freezing Cloud           Conj/Ice/Air   0%         6-21      100%        5
 Irradiate                Conj/Alch      0%         3d11      100%        5
 Lee's Rapid Deconstruct  Erth           0%         3d4*      100%        5
 Bombard                  Conj/Erth      0%         9d1       100%        6
 Ignition                 Fire           0%         3d3       100%        8
 Martyr's Knell           Necr/Summ      Unusable   N/A       N/A         4
 Summon Forest            Summ/Tloc      Unusable   N/A       N/A         5
 Summon Mana Viper        Hex/Summ       Unusable   N/A       N/A         5
 Death Channel            Necr           Unusable   N/A       N/A         6
 Summon Cactus Giant      Summ           Unusable   N/A       N/A         6

Inventory:

Hand Weapons
 s - the +8 scimitar "Jeiq" (offhand) {venom, Dex+2 SInv Stlth+}
   (You bought it in a shop on level 9 of the Dungeon)

   Dex+2:     It affects your dexterity (+2).
   SInv:      It lets you see invisible.
   Stlth+:    It makes you more stealthy.
 P - a +9 scimitar of holy wrath (weapon) {Navbir}
   (Okawaru gifted it to you on level 2 of the Lair of Beasts)
Missiles
 d - 8 throwing nets (quivered) {=f!f}
 e - 33 javelins
 u - 45 boomerangs
 A - 10 curare-tipped darts {=f}
 H - 45 poisoned darts
 N - 8 atropa-tipped darts
 Q - 5 silver javelins
 V - 5 darts of dispersal {=f!f}
 Z - a datura-tipped dart
Armour
 b - the +2 pair of boots of the Tundras (worn) {rPois Int+5 Dex+4}
   (You found it in a Gauntlet)

   Int+5:     It affects your intelligence (+5).
   Dex+4:     It affects your dexterity (+4).
   rPois:     It protects you from poison.
 c - the +2 pair of gloves of Duty (worn) {+Blink Regen+ Str-2 Dex+4}
   (You acquired it on level 3 of the Lair of Beasts)

   Str-2:     It affects your strength (-2).
   Dex+4:     It affects your dexterity (+4).
   +Blink:    It lets you blink.
   Regen+:    It increases your rate of health regeneration.
 i - a +2 cloak (worn)
   (You found it on level 3 of the Dungeon)
 v - a +2 helmet (worn)
 T - the +6 scale mail of the Iron City of Dis (worn) {-Cast rPois rF+ rC+ SInv}
   (Okawaru gifted it to you on level 2 of the Lair of Beasts)

   rF+:       It protects you from fire.
   rC+:       It protects you from cold.
   rPois:     It protects you from poison.
   SInv:      It lets you see invisible.
   -Cast:     It prevents spellcasting.
Magical Staves
 t - a staff of alchemy {!a}
   (You took it off Arachne on level 2 of the Spider Nest)
 C - a staff of air {!a}
   (You found it on level 3 of the Spider Nest)
Gizmo
 G - a superadeledicnander capacitor (installed) {Rampage Acrobat rElec Will+}
   (You invented it yourself on level 3 of the Lair of Beasts)

   [superadeledicnander capacitor]

   rElec:     It insulates you from electricity.
   Will+:     It increases your willpower.
   Rampage:   It bestows one free step when moving towards enemies.
   Acrobat:   It increases your evasion after moving or waiting.
Wands
 f - a wand of light (2)
   (You found it on level 1 of the Swamp)
 g - a wand of digging (6)
   (You found it on level 4 of the Lair of Beasts)
 y - a wand of paralysis (8)
   (You took it off Ijyb on level 5 of the Dungeon)
 z - a wand of flame (69)
   (You took it off Maurice on level 7 of the Dungeon)
 D - a wand of mindburst (11)
   (You found it on level 7 of the Dungeon)
 L - a wand of warping (25)
   (You took it off an orc on level 9 of the Dungeon)
 S - a wand of polymorph (12)
   (You found it on level 11 of the Dungeon)
Scrolls
 h - a scroll of brand weapon
 j - a scroll of silence {!r}
 k - 6 scrolls of poison
 m - 6 scrolls of blinking {!r}
 o - 11 scrolls of teleportation {@r4}
 p - 7 scrolls of immolation {!r!r}
 F - 3 scrolls of revelation
 J - 15 scrolls of identify {@r1}
 O - a scroll of enchant armour
 R - 7 scrolls of fog
 Y - 3 scrolls of fear
Potions
 l - 9 potions of curing {@q1}
 n - 8 potions of brilliance
 r - a potion of enlightenment
 w - 5 potions of magic
 x - 11 potions of heal wounds {@q2}
 B - 6 potions of haste {@q3}
 E - 5 potions of ambrosia
 I - 2 potions of attraction {!q}
 K - 3 potions of berserk rage {!q}
 M - 9 potions of might
 U - 7 potions of lignification {!q}
 W - 3 potions of resistance
Miscellaneous
 a - a tin of tremorstones (2/2)
   (You found it on level 1 of the Swamp)
 X - a lightning rod (4/4)
   (You found it on level 3 of the Lair of Beasts)

Dungeon Overview and Level Annotations

Branches:
Dungeon (15/15) Zot: 25746  Temple (1/1) D:7 Zot: 5973    Lair (5/5) D:10 Zot: 23481
  Swamp (4/4) Lair:3 Zot: 20247  Spider (4/4) Lair:2 Zot: 19623   Slime (0/5) Lair:5
    Orc (2/2) D:12 Zot: 10667     Elf (0/3) Orc:2        Vaults (2/5) D:14 Zot: 10401
  Crypt (0/3) Vaults:2     Depths (0/4) D:15        Volcano (visited)
 WizLab (visited)         Gauntlet (visited)

Altars:
Ashenzari
Cheibriados
Dithmenos
Elyvilon
Fedhas
Gozag
Hepliaklqana
Kikubaaqudgha
Makhleb
Nemelex Xobeh
Okawaru
Qazlal
Ru
Sif Muna
Trog
Uskayaw
Vehumet
Wu Jian
Xom
Yredelemnul
Zin
The Shining One
Beogh

Shops:
D:4 [((*   D:5 [   D:8 ?   D:9 (   D:11 :   D:15 =   Orc:2 (*??=:*(
Vaults:1 [   Vaults:2 [

Annotations:
D:6 1 runed translucent door, Crazy Yiuf
Swamp:3 exclusion: 2 lightning spires
Vaults:1 2 transporters
Vaults:2 Xtahua

....# #.................
###### #.................
.....# #.................
.....# #.................
.....#
*#######.................
.....#
*......#.....#########'##
.....# *......'.....#
##~...≈ .....#
*......#D....# *#≈~~.~~
###### *......#@....#
*#≈≈##'## *.....,#H....#
*#≈≈##...# *.....,#HH...#
#≈≈##..∩..
******###'**#.....#
##≈≈##...#
*,,,,,....,*#°....#
##~~#####
*,,,,,,,,,,*#.....#
**~≈≈~≈≈
*,,,,,,,,,,*#.....#
*#≈≈~≈≈
*,,,,,,,,,,*#.....#
###*##
*,,,,,,,,,,*#.....# *ß,,


You could see Xtahua (extremely poisoned, catching breath) and 3 harpies.


Message History

😮 HP[-15]
You take 15 damage, and now have 91/155 hp.
You slash the deep troll with your +9 scimitar of holy wrath!
You slice the deep troll with the +8 scimitar "Jeiq"!!
You kill the deep troll!
Okawaru accepts your kill. The deep troll misses you.
The deep troll claws you but does no damage.
The deep troll completely misses you.
Unknown command.
The deep troll misses you. The deep troll completely misses you.
The deep troll closely misses you.
Things that are here:
a +0 troll leather armour; a deep troll corpse 😮 HP[+2]
You regained 2 hp, and now have 93/155 hp.
You completely miss the deep troll with your +9 scimitar of holy wrath.
You slice the deep troll with the +8 scimitar "Jeiq"!!
The deep troll looks as sick as possible!
The deep troll misses you. The deep troll claws you.
The deep troll barely misses you. 😮 HP[-3]
You take 3 damage, and now have 90/155 hp.
You slice the deep troll with your +9 scimitar of holy wrath!!
You slash the deep troll with the +8 scimitar "Jeiq"!
You kill the deep troll!
Okawaru accepts your kill.
Xtahua the Ancient comes into view.
Things that are here:
a +0 dire flail; a +0 leather armour; 😮 HP[+2]
You regained 2 hp, and now have 92/155 hp.
You are too injured to fight recklessly!
Things that are here:
a +0 falchion; a +0 scale mail; 😮 HP[+1]
You rampage towards Xtahua!
You hit Xtahua but do no damage.
You slash Xtahua with the +8 scimitar "Jeiq"!
Xtahua is poisoned.
Xtahua breathes fire at you. The searing blast hits you!! You resist.
* * * LOW HITPOINT WARNING * * *
😨 HP[-27]
You take 27 damage, and now have 66/155 hp.
You hit Xtahua but do no damage.
You slash Xtahua with your +9 scimitar of holy wrath!
Xtahua bites you!
* * * LOW HITPOINT WARNING * * *
Xtahua closely misses you.
Xtahua tramples you but does no damage. 😨 HP[-12]
You take 12 damage, and now have 54/155 hp.
You slice Xtahua with your +9 scimitar of holy wrath!!
You hit Xtahua but do no damage.
A harpy comes into view. 😨 HP[+1] Unknown command.
You hit Xtahua but do no damage.
You slash Xtahua with the +8 scimitar "Jeiq"!
Xtahua looks as sick as possible!
Xtahua breathes fire at you. The searing blast hits you!! You resist.
* * * LOW HITPOINT WARNING * * *
😱 HP[-21]
You take 21 damage, and now have 34/155 hp.
You slash Xtahua with your +9 scimitar of holy wrath!
You slice Xtahua with the +8 scimitar "Jeiq"!!
Xtahua looks as sick as possible!
Xtahua closely misses you. x2
Xtahua barely misses you.
Unknown command.
You slice Xtahua with the +8 scimitar "Jeiq"!!
You slice Xtahua with your +9 scimitar of holy wrath!!
A harpy comes into view. 😱 HP[+1]
You slice Xtahua with the +8 scimitar "Jeiq"!!
You slice Xtahua with your +9 scimitar of holy wrath!!
The harpy closely misses you. The harpy claws you!
* * * LOW HITPOINT WARNING * * *
Xtahua bites you!
* * * LOW HITPOINT WARNING * * *
Xtahua claws you.
* * * LOW HITPOINT WARNING * * *
Xtahua tramples you but does no damage. The harpy claws you but does no damage.
The harpy claws you.
* * * LOW HITPOINT WARNING * * *
Unknown command. 😱 HP[-22]
You take 22 damage, and now have 13/155 hp.
You hit Xtahua with your +9 scimitar of holy wrath.
You slash Xtahua with the +8 scimitar "Jeiq"!
The harpy claws you but does no damage. The harpy completely misses you.
Xtahua misses you. Xtahua claws you but does no damage.
Xtahua barely misses you. 😱 HP[+1] Unknown command.
You slash Xtahua with your +9 scimitar of holy wrath!
You slash Xtahua with the +8 scimitar "Jeiq"!
The harpy claws you!
* * * LOW HITPOINT WARNING * * *
The harpy claws you but does no damage. The harpy closely misses you.
The harpy claws you but does no damage. Xtahua bites you!
You die...
Xtahua belches a long, triumphant arc of flame.

Skill      XL: |  1  2  3  4  5  6  7  8  9 10 11 12 13 14 15 16 17 18 19 |
---------------+----------------------------------------------------------+-----
Long Blades    | 4 6 7 8 10 11 12 14 15 16 17 18 | 18.2
Fighting       | 3 5 8 9 11 13 15 | 15.0
Armour         | 4 5 6 7 8 10 | 10.0
Invocations    | 3 6 7 8 10 11 12 | 12.6
Dodging        | 7 8 9 10 | 10.0
Throwing       | 6 8 9 10 12 13 | 13.0
Evocations     | 5 6 8 |  8.0
Stealth        | 4 6 8 |  8.0

Action                     |  1- 3 |  4- 6 |  7- 9 | 10-12 | 13-15 | 16-18 | 19-21 || total
---------------------------+-------+-------+-------+-------+-------+-------+-------++-------
  Melee: Long sword        |    51 |    45 |   181 |   353 |   491 |       |       ||  1121
         Dagger            |    38 |    37 |   167 |       |       |       |       ||   242
         Scimitar          |       |       |       |   202 |   906 |  2000 |   415 ||  3523
  Throw: Dart              |       |       |       |       |       |     1 |       ||     1
 Invoke: Heroism           |       |       |     3 |     9 |    13 |     4 |     2 ||    31
         Receive Weapon    |       |       |       |       |     1 |       |       ||     1
         Receive Armour    |       |       |       |       |     1 |       |       ||     1
         Finesse           |       |       |       |       |     1 |     1 |       ||     2
Ability: Invent Gizmo      |       |       |       |       |     1 |       |       ||     1
  Evoke: Wand              |       |       |       |     8 |     9 |    10 |       ||    27
    Use: Scroll            |     5 |     1 |    12 |     4 |    15 |     8 |     3 ||    48
         Potion            |     1 |       |       |       |     1 |     2 |     1 ||     5
   Stab: Sleeping          |     2 |       |     1 |     5 |     4 |    27 |     6 ||    45
         Paralysed         |       |       |       |       |    32 |    13 |       ||    45
         Distracted        |       |       |       |       |     3 |     9 |     2 ||    14
 Armour: Leather armour    |    22 |    48 |   128 |   181 |    26 |       |       ||   405
         Scale mail        |       |       |       |       |   506 |   911 |   140 ||  1557
  Dodge: Dodged            |    35 |    42 |    92 |   216 |   536 |  1167 |   199 ||  2287

Levels and vault maps discovered:
D:1:      dpeg_arrival_snail, layout_basic, dilly_ecumenical_altar_fadedgnrine,
          st_stairs_14
D:2:      layout_rooms
D:3:      layout_loops_ring, mainiacjoe_overflow_paths, cheibrodos_gnoll_hut,
          uniq_sigmund, uniq_terence
D:4:      layout_rooms, nicolae_overflow_two_pavilions, serial_shops,
          nicolae_lakefront_shop, shop, shop, shop, grunt_ministairs_9,
          eino_small_chamber_without_monster, sigmund_army
D:5:      layout_cave_pools, mainiacjoe_overflow_alcove_1,
          fedhas_altar_fruit_tree, serial_shops, shop, nrook_mini_vaults,
          uniq_ijyb
D:6:      layout_gridville, general_overflow_altar, uniq_crazy_yiuf_cottage
D:7:      layout_loops_corners, mainiacjoe_overflow_two_lobes,
          minmay_temple_entry_drinking_statues, uniq_maurice, uniq_menkaure
D:8:      layout_basic, nicolae_dithmenos_shadow_blocks, lightli_temple_of_fire,
          serial_shops, nicolae_shop_just_a_little_nook
D:9:      layout_gridville, tso_altar, mainiacjoe_overflow_catwalk_spiral,
          nicolae_uskayaw_en_pointe, serial_shops,
          nicolae_shop_temple_entry_statues_fountains
D:10:     argonaut_augean_stables, layout_layer_cave, kennysheep_mini,
          dpeg_oklobed_lair, uniq_psyche, uniq_grum
D:11:     layout_small_grid, serial_shops, nicolae_shop_just_a_little_nook,
          st_stairs_11, uniq_josephine, uniq_nergalle
D:12:     layout_roguey, erik_orc_2, minmay_misc_feat_more_columns, uniq_lodul
D:13:     layout_cave_pools
D:14:     layout_irregular_city, hellmonk_vaults_attempted_burglary,
          nicolae_sif_muna_condensation, uniq_louise
D:15:     hangedman_depths_entry_try_elsewhere_first, layout_loops_corners,
          serial_shops, nicolae_shop_back_alley_shop,
          chequers_serial_rivers_small_a
Temple:   nicolae_temple_bog_church
Lair:1:   layout_gridlike, chequers_serial_rivers_micro_a,
          nicolae_lair_lakeside_cave
Lair:2:   layout_gridlike, nicolae_spider_entry_tight_spaces,
          nicolae_volcano_entry_vermiform, grunt_megastairs_1,
          serial_bayou_shore_b
Lair:3:   dreamdust_cave_troll, layout_regular_city, minmay_swamp_entry_wisps,
          basic_altar, infiniplex_staircase_pool
Lair:4:   layout_hall_layers
Lair:5:   gammafunk_lair_ancient_temple, layout_cave_pods, slime_entry_1,
          gauntlet_entry_generic, lemuel_oklob_altar
Swamp:1:  layout_falls_marsh, evilmike_swamp_ruin_house_4, swamp_pool_5,
          uniq_frances
Swamp:2:  layout_falls_marsh, hangedman_swamp_ruin_wall
Swamp:3:  layout_basic_swamp, nicolae_swamp_oxbows, hangedman_swamp_phenomena
Swamp:4:  swamp_icy, layout_basic_swamp
Spider:1: nicolae_spider_obnoxious_hallway, guppyfry_hornet_nest
Spider:2: layout_chambers, nicolae_arachne_temple, uniq_arachne
Spider:3: layout_spider_delve, uniq_aizul
Spider:4: grunt_spider_rune_island, nicolae_spider_eight_legs
Orc:1:    layout_caves, basic_altar
Orc:2:    st_orc_ogre_mass, layout_diamond_mine, serial_shops, shop, shop, shop,
          nicolae_shop_crystal, basic_altar, uniq_rupert
Vaults:1: hangedman_vaults_snaps, vaults_mumra_chevron_long,
          nicolae_vaults_offset_grid_hallway_3,
          nicolae_vaults_trapezoid_layered,
          nicolae_vaults_antechamber_and_loot_room, hangedman_vaults_cutoff,
          ontoclasm_vaults_shuriken, v_misc_2, nicolae_vaults_tetromino_Z_1,
          v_misc_19, v_misc_27, layout_vaults_big_room, serial_shops,
          nicolae_shop_drivethru
Vaults:2: mu_enter_wizlab_1, nicolae_vaults_trapezoid_2,
          minmay_crypt_entry_simple_box, nicolae_vaults_little_squares_2,
          nicolae_vaults_house_2, nicolae_vaults_closet_pinwheel_2,
          special_room_vaults [special_room_orc],
          nicolae_vaults_little_squares_1, v_misc_5, ontoclasm_vaults_eye,
          nicolae_vaults_storage_room_statues, grunt_vaults_focal,
          vaults_mumra_minichess_inversion, layout_vaults_ring, serial_shops,
          shop, uniq_xtahua

Notes
Turn   | Place    | Note
-------+----------+-------------------------------------------
     0 | D:1      | kae the Coglin Gladiator began the quest for the Orb.
     0 | D:1      | Reached XP level 1. HP: 16/16 MP: 1/1
     0 | D:1      | magus.rc [v1.11.3]
   186 | D:1      | Reached XP level 2. HP: 12/22 MP: 2/2
   864 | D:1      | Found a faded altar of an unknown god.
  1000 | D:2      | Reached skill level 4 in Long Blades
  1042 | D:2      | Reached XP level 3. HP: 27/27 MP: 3/3
  1407 | D:3      | Noticed Terence
  1434 | D:3      | Found a bloodstained altar of Trog.
  1452 | D:3      | Noticed Sigmund
  1635 | D:3      | Reached XP level 4. HP: 33/33 MP: 4/4
  1635 | D:3      | Identified the +0 leather armour of Vutadu Ceal {Harm rElec
                  | Slay+5}
  1812 | D:3      | Killed Terence
  1813 | D:3      | Reached skill level 5 in Long Blades
  2020 | D:3      | Killed Sigmund
  2021 | D:3      | Reached skill level 6 in Long Blades
  2021 | D:3      | Reached XP level 5. HP: 37/38 MP: 5/5
  2021 | D:3      | Reached XP level 6. HP: 43/44 MP: 6/6
  2112 | D:3      | Reached skill level 7 in Long Blades
  2450 | D:4      | Found a snail-covered altar of Cheibriados.
  2450 | D:4      | Found a glowing silver altar of Zin.
  2552 | D:4      | Reached XP level 7. HP: 49/50 MP: 7/7
  2753 | D:4      | Found Oduppo's Weapon Shoppe.
  2757 | D:4      | Found Coqeh's Weapon Shoppe.
  2767 | D:4      | Reached skill level 8 in Long Blades
  2858 | D:4      | Identified the maw talisman of Foolhardiness {rPois SInv}
  2872 | D:4      | Found Bafel's Armour Boutique.
  3014 | D:4      | Found Faosaru's General Store.
  3026 | D:4      | Bought a scroll of identify for 26 gold pieces
  3026 | D:4      | Bought a potion of curing for 39 gold pieces
  3026 | D:4      | Bought a scroll of teleportation for 39 gold pieces
  3076 | D:5      | Entered Level 5 of the Dungeon
  3113 | D:5      | Found Qayfiox's Antique Armour Shoppe.
  3177 | D:5      | Found an ancient bone altar of Kikubaaqudgha.
  3541 | D:5      | Noticed Ijyb
  3541 | D:5      | Paralysed by Ijyb for 3 turns
  3546 | D:5      | Paralysed by Ijyb for 4 turns
  3557 | D:5      | Killed Ijyb
  3661 | D:5      | You pick up a book of Spontaneous Combustion and begin
                  | reading...
  3661 | D:5      | You add the spells Inner Flame, Irradiate and Ignition to
                  | your library.
  3668 | D:5      | Found a blossoming altar of Fedhas.
  3803 | D:6      | You pick up a book of Vapours and begin reading...
  3803 | D:6      | You add the spells Mercury Vapours, Mephitic Cloud and
                  | Freezing Cloud to your library.
  3873 | D:6      | Reached skill level 3 in Fighting
  3873 | D:6      | Reached XP level 8. HP: 58/58 MP: 8/8
  3880 | D:6      | Reached skill level 9 in Long Blades
  3914 | D:6      | Found a runed translucent door.
  3915 | D:6      | Noticed Crazy Yiuf
  4000 | D:6      | Found a radiant altar of Vehumet.
  4830 | D:7      | Reached skill level 4 in Fighting
  5126 | D:7      | Reached skill level 5 in Fighting
  5284 | D:7      | Found a hazy altar of Hepliaklqana.
  5315 | D:7      | Noticed Maurice
  5387 | D:7      | Found a staircase to the Ecumenical Temple.
  5400 | D:7      | Reached skill level 10 in Long Blades
  5403 | D:7      | Noticed Menkaure
  5650 | D:6      | Killed Menkaure
  5674 | Temple   | Entered the Ecumenical Temple
  5689 | Temple   | Became a worshipper of Warmaster Okawaru
  5713 | D:7      | Reached XP level 9. HP: 60/68 MP: 9/9
  5806 | D:7      | Reached skill level 1 in Armour
  5806 | D:7      | Reached skill level 1 in Invocations
  6078 | D:7      | Reached skill level 2 in Armour
  6079 | D:7      | Reached * piety under Okawaru
  6327 | D:7      | Reached skill level 2 in Invocations
  6457 | D:7      | Found a shimmering blue altar of Sif Muna.
  6463 | D:7      | Killed Maurice
  6464 | D:7      | Reached skill level 11 in Long Blades
  6464 | D:7      | Reached skill level 3 in Armour
  6473 | D:7      | You pick up a book of Scorching and begin reading...
  6473 | D:7      | You add the spells Scorch and Flame Wave to your library.
  6539 | D:8      | Reached skill level 3 in Invocations
  6597 | D:8      | Identified the +0 robe of Rationality {rPois rF+ rCorr
                  | Dex-3}
  6841 | D:8      | Found Ler Bie's Magic Scroll Shoppe.
  6854 | D:8      | Bought a scroll of fear for 48 gold pieces
  6854 | D:8      | Bought a scroll of enchant armour for 90 gold pieces
  6854 | D:8      | Bought a scroll of enchant weapon for 90 gold pieces
  6854 | D:8      | Bought a scroll of identify for 24 gold pieces
  6854 | D:8      | Bought a scroll of identify for 24 gold pieces
  6854 | D:8      | Bought a scroll of identify for 24 gold pieces
  6973 | D:8      | Reached skill level 4 in Armour
  6974 | D:8      | Found a shadowy altar of Dithmenos.
  7185 | D:8      | Reached ** piety under Okawaru
  7186 | D:8      | Reached XP level 10. HP: 64/74 MP: 12/12
  7554 | D:8      | Found a burning altar of Makhleb.
  7566 | D:9      | Noticed a +0 spear
  7566 | D:9      | Noticed a +0 short sword
  7566 | D:9      | Noticed a +0 short sword
  7566 | D:9      | Noticed a +0 falchion
  7566 | D:9      | Noticed a +0 spear
  7566 | D:9      | Noticed a +0 dagger
  7566 | D:9      | Noticed a +0 falchion
  7566 | D:9      | Noticed a +0 dagger
  7566 | D:9      | Noticed a two-headed ogre
  7577 | D:8      | Killed a two-headed ogre
  7578 | D:8      | Reached skill level 4 in Invocations
  7682 | D:9      | Noticed a brown ugly thing
  7693 | D:9      | Killed a brown ugly thing
  7694 | D:9      | Reached skill level 12 in Long Blades
  7694 | D:9      | Reached skill level 5 in Armour
  7815 | D:9      | Reached *** piety under Okawaru
  7821 | D:9      | Reached skill level 5 in Invocations
  7844 | D:9      | HP: 12/74 [wyvern (18)]
  7854 | D:9      | HP: 12/74 [poisoned by a kobold brigand]
  7859 | D:9      | HP: 8/74 [poisoned by a kobold brigand]
  8036 | D:9      | Noticed a kobold demonologist
  8048 | D:9      | Killed a kobold demonologist
  8048 | D:9      | Reached **** piety under Okawaru
  8049 | D:9      | Reached skill level 6 in Invocations
  8049 | D:9      | Reached XP level 11. HP: 65/79 MP: 12/15
  8056 | D:9      | Reached skill level 13 in Long Blades
  8150 | D:9      | Found a hide-covered altar of Uskayaw.
  8196 | D:9      | Found an opulent altar of Gozag.
  8198 | D:9      | Found an ornate altar of the Wu Jian Council.
  8237 | D:9      | Found a glowing golden altar of the Shining One.
  8422 | D:9      | Found Kayff's Antique Weapon Boutique.
  8430 | D:9      | Bought an encrusted scimitar for 207 gold pieces
  8430 | D:9      | Identified the +8 scimitar "Jeiq" {venom, Dex+2 SInv
                  | Stlth+} (You bought it in a shop on level 9 of the Dungeon)
  8484 | D:10     | Entered Level 10 of the Dungeon
  8516 | D:10     | Reached skill level 14 in Long Blades
  8516 | D:10     | Reached skill level 3 in Dodging
  8521 | D:10     | Reached ***** piety under Okawaru
  8636 | D:10     | Found a basalt altar of Yredelemnul.
  8674 | D:10     | Found a staircase to the Lair.
  8686 | D:10     | Reached skill level 4 in Dodging
  8714 | D:10     | Noticed Grum
  8724 | D:10     | Killed Grum
  8732 | D:10     | Reached skill level 5 in Dodging
  8759 | D:10     | Noticed Psyche
  8764 | D:10     | Killed Psyche
  8768 | D:10     | Noticed a two-headed ogre
  8837 | D:10     | Killed a two-headed ogre
  8837 | D:10     | Received a gift from Okawaru
  8838 | D:10     | Reached skill level 6 in Dodging
  9289 | D:10     | Reached skill level 7 in Dodging
  9405 | D:10     | Reached XP level 12. HP: 86/86 MP: 16/16
  9480 | D:10     | Reached skill level 8 in Dodging
  9771 | D:11     | Received a gift from Okawaru
  9772 | D:11     | Reached skill level 2 in Throwing
  9772 | D:11     | Reached skill level 1 in Evocations
  9779 | D:11     | Reached skill level 2 in Evocations
 10000 | D:11     | Noticed Josephine
 10010 | D:11     | Killed Josephine
 10011 | D:11     | Reached skill level 3 in Throwing
 10011 | D:11     | Reached skill level 3 in Evocations
 10299 | D:11     | Reached skill level 6 in Fighting
 10299 | D:11     | Reached skill level 4 in Evocations
 10430 | D:11     | Found Cocume's Book Shoppe.
 10721 | D:11     | Noticed Nergalle
 10727 | D:11     | Killed Nergalle
 10728 | D:11     | Reached skill level 4 in Throwing
 10728 | D:11     | Reached skill level 5 in Evocations
 11061 | D:12     | Reached skill level 7 in Fighting
 11182 | D:12     | Reached skill level 5 in Throwing
 11193 | D:12     | Found a staircase to the Orcish Mines.
 11368 | D:12     | Noticed a two-headed ogre
 11374 | D:12     | Killed a two-headed ogre
 11374 | D:12     | Received a gift from Okawaru
 11374 | D:12     | Noticed Lodul
 11381 | D:12     | Killed Lodul
 11396 | D:12     | Reached skill level 8 in Fighting
 11695 | D:12     | Reached skill level 6 in Throwing
 11838 | D:12     | Reached XP level 13. HP: 98/98 MP: 17/17
 11853 | D:12     | Reached skill level 7 in Throwing
 12328 | Lair:1   | Entered Level 1 of the Lair of Beasts
 12329 | Lair:1   | Identified a scroll of acquirement
 12329 | Lair:1   | Acquired 535 gold pieces
 12402 | Lair:1   | You fall into a shaft and drop 1 floor!
 12421 | Lair:2   | Reached skill level 8 in Throwing
 12562 | Lair:2   | Reached ****** piety under Okawaru
 12591 | Lair:2   | Received a gift from Okawaru
 12609 | Lair:2   | Acquired a +4 scimitar of holy wrath
 12609 | Lair:2   | Received a gift from Okawaru
 12611 | Lair:2   | Acquired the +6 scale mail of the Iron City of Dis {-Cast
                  | rPois rF+ rC+ SInv}
 12611 | Lair:2   | Received a gift from Okawaru
 12839 | Lair:2   | Found a hole to the Spider Nest.
 12946 | Lair:2   | Found a dark tunnel.
 12955 | Volcano  | Entered a volcano
 13092 | Volcano  | Reached skill level 6 in Evocations
 13285 | Volcano  | Found a burning altar of Makhleb.
 13294 | Volcano  | Received a gift from Okawaru
 14552 | Lair:1   | Reached skill level 6 in Armour
 14560 | Lair:1   | Reached XP level 14. HP: 89/106 MP: 19/19
 14573 | Lair:1   | Received a gift from Okawaru
 14663 | Lair:1   | Reached skill level 7 in Evocations
 14815 | Lair:1   | Reached skill level 9 in Fighting
 14837 | Lair:1   | Reached skill level 9 in Dodging
 15013 | Lair:1   | Identified the +0 ring mail of the Farrier {Fly rElec}
 15166 | Lair:1   | Reached skill level 7 in Invocations
 15843 | Lair:3   | Received a gift from Okawaru
 15871 | Lair:3   | Reached skill level 9 in Throwing
 15913 | Lair:3   | Acquired a superadeledicnander capacitor {Rampage Acrobat
                  | rElec Will+}
 15970 | Lair:3   | Found a staircase to the Swamp.
 16163 | Lair:3   | Reached skill level 8 in Evocations
 16529 | Lair:3   | Found a broken altar of Ashenzari.
 16655 | Lair:3   | Received a gift from Okawaru
 16672 | Lair:3   | HP: 22/108 [catoblepas (8)]
 17101 | Lair:3   | Acquired the +2 pair of gloves of Duty {+Blink Regen+ Str-2
                  | Dex+4}
 17881 | Lair:5   | Entered Level 5 of the Lair of Beasts
 17885 | Lair:5   | Reached skill level 7 in Armour
 17927 | Lair:5   | Found a white marble altar of Elyvilon.
 17961 | Lair:5   | HP: 20/109 [seven-headed hydra (10)]
 17993 | Lair:5   | Received a gift from Okawaru
 18095 | Lair:5   | Found a gate leading to a gauntlet.
 18104 | Gauntlet | Entered a Gauntlet
 18104 | Gauntlet | Found a transporter.
 18190 | Gauntlet | Found a transporter.
 18190 | Gauntlet | Found a transporter.
 18201 | Gauntlet | Found a transporter.
 18214 | Gauntlet | Found a transporter.
 18219 | Gauntlet | Found a transporter.
 18238 | Gauntlet | Found a transporter.
 18253 | Gauntlet | Found a transporter.
 18273 | Gauntlet | Found a transporter.
 18280 | Gauntlet | Found a transporter.
 18295 | Gauntlet | Found a transporter.
 18303 | Gauntlet | Found a large runed translucent door.
 18304 | Gauntlet | Found a large runed translucent door.
 18305 | Gauntlet | Found a large runed translucent door.
 18306 | Gauntlet | Found a runed translucent gate.
 18306 | Gauntlet | Found a large runed translucent door.
 18307 | Gauntlet | Found a transporter.
 18307 | Gauntlet | Found a runed translucent gate.
 18308 | Gauntlet | Found a runed translucent gate.
 18308 | Gauntlet | Found a large runed translucent door.
 18308 | Gauntlet | Found a large runed translucent door.
 18308 | Gauntlet | Found a runed translucent door.
 18308 | Gauntlet | Found a runed translucent door.
 18309 | Gauntlet | Found a large runed translucent door.
 18310 | Gauntlet | Found a large runed translucent door.
 18312 | Gauntlet | Found a transporter.
 18312 | Gauntlet | Found a transporter.
 18314 | Gauntlet | Found a transporter.
 18325 | Gauntlet | Found a large runed translucent door.
 18325 | Gauntlet | Found a large runed translucent door.
 18326 | Gauntlet | Found a large runed translucent door.
 18327 | Gauntlet | Found a large runed translucent door.
 18331 | Gauntlet | Noticed a dire elephant
 18335 | Gauntlet | Found a transporter.
 18336 | Gauntlet | Found a large runed translucent door.
 18336 | Gauntlet | Found a large runed translucent door.
 18337 | Gauntlet | Found a large runed translucent door.
 18338 | Gauntlet | Found a large runed translucent door.
 18340 | Gauntlet | Found a transporter.
 18387 | Gauntlet | Found a transporter.
 18615 | Gauntlet | Reached skill level 15 in Long Blades
 18770 | Gauntlet | Identified the ring of Qehisub {MP+9 Str+3 Int+4}
 18794 | Gauntlet | Reached XP level 15. HP: 102/115 MP: 18/20
 18813 | Gauntlet | Reached skill level 10 in Fighting
 18848 | Gauntlet | Identified the +1 long sword "Cycasi" {spect, *Noise Int+3
                  | Dex+5}
 18860 | Gauntlet | Identified the +2 pair of boots of the Tundras {rPois Int+5
                  | Dex+4}
 18899 | Gauntlet | Identified the +5 kite shield of Boredom {Fly rElec SInv
                  | Stlth+}
 19141 | Lair:5   | Received a gift from Okawaru
 19304 | Lair:5   | Reached skill level 8 in Invocations
 19376 | Lair:5   | Found a staircase to the Slime Pits.
 19438 | Lair:5   | Reached skill level 10 in Dodging
 19451 | Lair:5   | Received a gift from Okawaru
 19468 | Lair:5   | Reached skill level 10 in Throwing
 19647 | Lair:5   | You pick up a book of Flames and begin reading...
 19913 | Lair:4   | Reached skill level 8 in Armour
 20262 | D:13     | Received a gift from Okawaru
 20309 | D:13     | You pick up a book of Displacement and begin reading...
 20309 | D:13     | You add the spells Lesser Beckoning, Gell's Gravitas and
                  | Teleport Other to your library.
 20675 | D:14     | Found a shimmering blue altar of Sif Muna.
 20869 | D:14     | Reached skill level 11 in Fighting
 20884 | D:14     | Identified the +7 chain mail of Duty {Harm}
 21111 | D:14     | Found a gate to the Vaults.
 21357 | D:14     | Noticed Louise
 21367 | D:14     | Killed Louise
 21367 | D:14     | Received a gift from Okawaru
 21392 | D:15     | Entered Level 15 of the Dungeon
 21608 | D:15     | Found Zieges's Jewellery Emporium.
 21752 | D:15     | Found a staircase to the Depths.
 21763 | D:15     | HP: 28/118 [20-headed hydra (3)]
 21763 | D:15     | HP: 5/118 [20-headed hydra (11)]
 21996 | D:15     | Identified the +9 dagger of Vailuyre {heavy, Int+2 Dex+7}
 22325 | D:15     | Identified the +3 rapier of the Sky {freeze, rElec rF+
                  | Int+4}
 22446 | Orc:1    | Entered Level 1 of the Orcish Mines
 22477 | Orc:1    | Found a roughly hewn altar of Beogh.
 22582 | Orc:2    | Entered Level 2 of the Orcish Mines
 22647 | Orc:2    | Found Qejop's Magic Scroll Shop.
 22654 | Orc:2    | Noticed Rupert
 22656 | Orc:2    | Reached XP level 16. HP: 125/125 MP: 22/22
 22734 | Orc:2    | Killed Rupert
 22735 | Orc:2    | Reached skill level 9 in Invocations
 22762 | Orc:2    | Reached skill level 9 in Armour
 22859 | Orc:2    | Reached skill level 16 in Long Blades
 22865 | Orc:2    | Received a gift from Okawaru
 22880 | Orc:2    | Found a roughly hewn altar of Beogh.
 22910 | Orc:2    | Found Qife's Weapon Emporium.
 22918 | Orc:2    | Found a staircase to the Elven Halls.
 23318 | Orc:2    | Found Derrenom's Magic Scroll Shoppe.
 23377 | Orc:2    | Bought a scroll of enchant armour for 97 gold pieces
 23377 | Orc:2    | Bought a scroll of enchant weapon for 97 gold pieces
 23414 | Orc:2    | Bought a scroll of enchant armour for 90 gold pieces
 23414 | Orc:2    | Bought a scroll of enchant weapon for 90 gold pieces
 23414 | Orc:2    | Bought a scroll of identify for 24 gold pieces
 23414 | Orc:2    | Bought a scroll of identify for 24 gold pieces
 23441 | Orc:2    | Reached skill level 12 in Fighting
 23443 | Orc:2    | Found Fuhaff's Jewellery Shoppe.
 23443 | Orc:2    | Found Gubitemoig's Book Boutique.
 23444 | Orc:2    | Found Piyrph's General Store.
 23444 | Orc:2    | Found Wiezy's Weapon Emporium.
 23460 | Orc:2    | Bought a potion of degeneration for 15 gold pieces
 23471 | Orc:2    | Received a gift from Okawaru
 23533 | Orc:2    | Found Abat's General Store.
 23966 | Swamp:1  | Entered Level 1 of the Swamp
 23970 | Swamp:1  | Noticed a thorn hunter
 24004 | Swamp:1  | Killed a thorn hunter
 24005 | Swamp:1  | HP: 20/127 [bunyip (18)]
 24193 | Swamp:1  | Reached skill level 10 in Armour
 24195 | Swamp:1  | Reached skill level 10 in Invocations
 24349 | Swamp:1  | Noticed Frances
 24355 | Swamp:1  | Killed Frances
 24364 | Swamp:1  | You pick up a book of Transmutation and begin reading...
 24364 | Swamp:1  | You add the spells Sublimation of Blood and Petrify to your
                  | library.
 24609 | Swamp:1  | Reached skill level 1 in Stealth
 24648 | Swamp:2  | Received a gift from Okawaru
 24689 | Swamp:2  | Reached skill level 2 in Stealth
 24696 | Swamp:1  | magus.rc [v1.11.3]
 24831 | Swamp:2  | Noticed a thorn hunter
 24841 | Swamp:2  | Killed a thorn hunter
 25073 | Swamp:2  | Reached skill level 3 in Stealth
 25557 | Swamp:3  | Reached skill level 13 in Fighting
 25601 | Swamp:3  | Received a gift from Okawaru
 25739 | Swamp:3  | Reached skill level 4 in Stealth
 25786 | Swamp:3  | Reached XP level 17. HP: 96/136 MP: 24/24
 26242 | Swamp:4  | Entered Level 4 of the Swamp
 26310 | Swamp:4  | Reached skill level 5 in Stealth
 26347 | Swamp:4  | You pick up a book of Debilitation and begin reading...
 26347 | Swamp:4  | You add the spells Slow, Sigil of Binding, Vampiric
                  | Draining and Confusing Touch to your library.
 26476 | Swamp:4  | You pick up a book of Dreams and begin reading...
 26476 | Swamp:4  | You add the spells Ensorcelled Hibernation, Fugue of the
                  | Fallen and Anguish to your library.
 26482 | Swamp:4  | You pick up a book of Decay and begin reading...
 26482 | Swamp:4  | You add the spells Cigotuvi's Dreadful Rot and Dispel
                  | Undead to your library.
 26507 | Swamp:4  | Received a gift from Okawaru
 26629 | Swamp:4  | Reached skill level 6 in Stealth
 26760 | Swamp:3  | Reached skill level 14 in Fighting
 27278 | Swamp:4  | Identified the +4 shortbow of the Secret Invaders {elec,
                  | MP+9}
 27324 | Swamp:4  | Got a decaying rune of Zot
 27707 | Spider:1 | Entered Level 1 of the Spider Nest
 27729 | Spider:1 | Reached skill level 15 in Fighting
 27833 | Spider:1 | Received a gift from Okawaru
 28156 | Spider:1 | You pick up a book of Conjurations and begin reading...
 28156 | Spider:1 | You add the spells Magic Dart, Searing Ray and Fulminant
                  | Prism to your library.
 28735 | Spider:2 | You pick up a book of the Wilderness and begin reading...
 28756 | Spider:2 | You fall into a shaft and drop 1 floor!
 28941 | Spider:2 | Noticed Arachne
 28963 | Spider:2 | Killed Arachne
 28980 | Spider:2 | Received a gift from Okawaru
 29022 | Spider:2 | Reached XP level 18. HP: 102/149 MP: 25/25
 29024 | Spider:2 | Reached skill level 7 in Stealth
 29982 | Spider:3 | Identified the serpent talisman of Pan-Flutes {Fly rCorr
                  | Dex+2}
 29982 | Spider:3 | Noticed Aizul
 30004 | Spider:3 | Killed Aizul
 30004 | Spider:3 | Received a gift from Okawaru
 30713 | Spider:4 | Entered Level 4 of the Spider Nest
 30720 | Spider:4 | Reached skill level 11 in Throwing
 30950 | Spider:4 | Reached skill level 11 in Invocations
 30974 | Spider:4 | Received a gift from Okawaru
 30974 | Spider:4 | HP: 37/149 [poisoned by an emperor scorpion]
 30975 | Spider:4 | Reached skill level 8 in Stealth
 31133 | Spider:4 | Got a gossamer rune of Zot
 31275 | Spider:4 | Reached skill level 17 in Long Blades
 31336 | Spider:4 | HP: 36/145 [pharaoh ant (5)]
 31822 | Spider:4 | Identified the +0 pair of boots of Serendipity {rPois
                  | Slay+3}
 31918 | Spider:4 | Received a gift from Okawaru
 31938 | Spider:4 | HP: 37/149 [poisoned by an emperor scorpion]
 31943 | Spider:4 | HP: 36/149 [poisoned by an emperor scorpion]
 32394 | Vaults:1 | Entered Level 1 of the Vaults
 32468 | Vaults:1 | Reached skill level 12 in Throwing
 32478 | Vaults:1 | Reached XP level 19. HP: 135/155 MP: 27/27
 32695 | Vaults:1 | Received a gift from Okawaru
 32696 | Vaults:1 | Reached skill level 12 in Invocations
 32844 | Vaults:1 | Found a transporter.
 32844 | Vaults:1 | Found Cuuwur's Antique Armour Emporium.
 32866 | Vaults:1 | Found a transporter.
 33167 | Vaults:1 | Reached skill level 18 in Long Blades
 33419 | Vaults:1 | Received a gift from Okawaru
 33462 | Vaults:1 | You pick up a book of the Earth and begin reading...
 33462 | Vaults:1 | You add the spells Leda's Liquefaction, Lee's Rapid
                  | Deconstruction and Bombard to your library.
 33463 | Vaults:1 | Identified a +2 crystal plate armour
 33464 | Vaults:1 | a +2 great sword of flaming; a +2 crystal plate armour
                  | {rare}
 33473 | Vaults:1 | a +2 great sword of flaming; a +2 crystal plate armour
                  | {rare}
 33902 | Vaults:2 | Found a magical portal.
 33907 | WizLab   | Entered Doroklohe's Tomb
 34221 | Vaults:2 | Found Dir Wuimniz's Antique Armour Shoppe.
 34309 | Vaults:2 | Reached skill level 13 in Throwing
 34317 | Vaults:2 | Noticed Xtahua
 34322 | Vaults:2 | HP: 34/155 [Xtahua/searing blast (22)]
 34325 | Vaults:2 | HP: 15/155 [Xtahua (6)]
 34327 | Vaults:2 | HP: 5/155 [harpy (10)]
 34327 | Vaults:2 | Slain by Xtahua

Vanquished Creatures
  Arachne (Spider:2)
  Rupert (Orc:2)
  Frances (Swamp:1)
  5 thorn hunters
  Aizul (Spider:3)
  A fenstrider witch (Swamp:4)
  An azure jelly (Swamp:4)
  5 ghost moths (Spider:4)
  5 emperor scorpions
  A fire giant (Vaults:1)
  2 vault wardens (Vaults:1)
  Louise (D:14)
  8 ironbound preservers
  An ironbound thunderhulk (Vaults:1)
  2 broodmothers
  2 eleionomae
  8 dire elephants
  4 bunyips
  A minotaur (Gauntlet)
  4 spark wasps
  5 entropy weavers
  A yaktaur captain (Vaults:1)
  A fire dragon (D:14)
  2 shambling mangroves
  Josephine (D:11)
  3 ice dragons (Swamp:4)
  2 great orbs of eyes
  9 hydras
  2 vault guards (Vaults:1)
  2 ironbound frosthearts (Vaults:1)
  3 ghost crabs
  5 jorogumos
  5 alligators
  6 ogre magi
  4 radroaches
  A merfolk avatar (Lair:5)
  6 boulder beetles
  2 catoblepae (Lair:3)
  A centaur warrior (D:14)
  28 two-headed ogres
  2 death scarabs (Gauntlet)
  8 death yaks
  9 demonic crawlers
  A hell knight (Volcano)
  A vampire mage (Vaults:2)
  A soul eater (Gauntlet)
  Nergalle (D:11)
  7 spriggans
  2 pharaoh ants
  5 skysharks (Lair:5)
  Lodul (D:12)
  A death drake (Swamp:4)
  2 goliath frogs (Swamp:2)
  A golden dragon zombie (WizLab)
  2 spriggan druids
  2 swamp dragons
  A sea snake (Lair:5)
  7 orb spiders
  25 deep trolls
  A spectral hydra (Gauntlet)
  An arcanist (Vaults:2)
  A bog body (Swamp:3)
  A phantasmal warrior (Vaults:1)
  A lindwurm (Lair:2)
  4 sun moths (Spider:4)
  3 steelbarb worms
  3 orc sorcerers
  2 lightning spires (Swamp:3)
  2 orc knights
  A necromancer (Vaults:1)
  2 deep elf pyromancers (D:12)
  21 wolf spiders
  5 ugly things
  7 ironbound convokers (Vaults:1)
  A shining eye (shapeshifter) (Vaults:1)
  Maurice (D:7)
  A salamander (D:15)
  3 cyclopes
  A spectral boulder beetle (Gauntlet)
  10 will-o-the-wisps
  3 manticores
  2 moths of wrath
  2 oklob plants
  2 kobold blastminers (Orc:1)
  2 meliai (Spider:4)
  A worldbinder (Gauntlet)
  19 elephants
  6 black mambas
  4 vault sentinels
  2 gargoyles
  8 torpor snails
  12 cane toads
  5 kobold demonologists
  5 rime drakes
  5 freezing wraiths
  8 komodo dragons
  4 yaktaurs (Vaults:1)
  Psyche (D:10)
  5 trolls
  2 human skeletons (Vaults:1)
  2 bloated husks (Swamp:3)
  8 polar bears
  An ettin zombie (Vaults:1)
  10 tyrant leeches
  13 hornets
  30 tarantellas
  7 blink frogs
  6 dream sheep (Lair:3)
  10 slime creatures
  25 jumping spiders
  A deep troll skeleton (Vaults:1)
  6 wyverns
  3 vampires
  23 culicivoras
  Sigmund (D:3)
  67 yaks
  6 basilisks
  6 wraiths
  41 redbacks
  A yak (shapeshifter) (D:14)
  Grum (D:10)
  4 swamp worm simulacra (Swamp:4)
  A spectral komodo dragon (Gauntlet)
  3 steam dragons
  19 vampire mosquitoes
  A warg (D:11)
  Menkaure (D:6)
  14 swamp worms
  A spectral cane toad (Gauntlet)
  13 hydra simulacra (Swamp:4)
  A glowing shapeshifter zombie (Vaults:1)
  An acid dragon (D:11)
  11 water moccasins
  A swamp drake (Swamp:3)
  21 orc warriors
  An ice beast (D:7)
  2 sky beasts (D:7)
  3 laughing skulls
  2 boggarts (Gauntlet)
  35 ogres
  An ogre (shapeshifter) (D:15)
  12 centaurs
  10 wolves
  9 kobold brigands
  10 bullfrogs
  3 scorpions
  4 gnoll sergeants
  9 wights
  12 killer bees
  2 electric eels
  4 hounds
  2 bombardier beetles (D:4)
  17 orc priests
  A gnoll bouda (D:8)
  A hell rat (Lair:1)
  27 orc wizards
  Ijyb (D:5)
  Terence (D:3)
  5 iguanas
  9 adders
  18 gnolls
  2 shadow imps (Gauntlet)
  4 white imps
  4 swamp drake simulacra (Swamp:4)
  2 ufetubi (D:6)
  A ribbon worm (D:3)
  A dart slug (D:5)
  72 orcs
  8 ball pythons
  7 endoplasms
  2 giant cockroaches (D:4)
  13 goblins
  5 hobgoblins
  27 kobolds
  A quokka (D:1)
  A bat (D:3)
  A frilled lizard (D:2)
  6 rats
1111 creatures vanquished.

Vanquished Creatures (others)
  A hydra (Swamp:2)
  An alligator (Swamp:4)
  5 bloated husks
  A tyrant leech (Swamp:4)
  2 hornets (Swamp:2)
  2 spriggans (Swamp:2)
  2 orcs (D:12)
  40 foxfires
54 creatures vanquished.

Grand Total: 1165 creatures vanquished

Table legend:
 A = Non-vault XP
 B = Vault XP
 C = Vault XP percentage of total XP
 D = Non-vault monster count
 E = Vault monster count
 F = Vault count percentage of total count
                 A         B        C        D         E       F
            +---------+---------+-------+---------+---------+-------
      Total |  237225 |  133315 |  36.0 |     792 |     321 |  28.8
            +---------+---------+-------+---------+---------+-------
        D:1 |      24 |       3 |  11.1 |      13 |       2 |  13.3
        D:2 |      36 |       0 |   0.0 |      15 |       0 |   0.0
        D:3 |      62 |     349 |  84.9 |       8 |       5 |  38.5
        D:4 |     291 |      53 |  15.4 |      26 |       7 |  21.2
        D:5 |     184 |      36 |  16.4 |       9 |       1 |  10.0
        D:6 |     365 |     169 |  31.6 |      13 |       1 |   7.1
        D:7 |    1699 |     559 |  24.8 |      25 |       1 |   3.8
        D:8 |    1958 |       0 |   0.0 |      29 |       0 |   0.0
        D:9 |    4169 |       0 |   0.0 |      38 |       0 |   0.0
       D:10 |    5360 |    3538 |  39.8 |      40 |      18 |  31.0
       D:11 |    2953 |    3471 |  54.0 |      21 |       9 |  30.0
       D:12 |    7330 |    2506 |  25.5 |      29 |      27 |  48.2
       D:13 |    9841 |       0 |   0.0 |      23 |       0 |   0.0
       D:14 |    3873 |    2085 |  35.0 |      18 |       2 |  10.0
       D:15 |    1713 |    2430 |  58.7 |       5 |       3 |  37.5
     Lair:1 |    8301 |    6234 |  42.9 |      28 |      19 |  40.4
     Lair:2 |    6544 |    2132 |  24.6 |      25 |       9 |  26.5
     Lair:3 |   10398 |     532 |   4.9 |      31 |       1 |   3.1
     Lair:4 |    4648 |       0 |   0.0 |      17 |       0 |   0.0
     Lair:5 |   14541 |    8662 |  37.3 |      27 |      18 |  40.0
    Swamp:1 |    9082 |    1599 |  15.0 |      18 |       1 |   5.3
    Swamp:2 |    9348 |       0 |   0.0 |      22 |       0 |   0.0
    Swamp:3 |    8255 |    2204 |  21.1 |      21 |       4 |  16.0
    Swamp:4 |   19331 |    8044 |  29.4 |      29 |      29 |  50.0
   Spider:1 |   13536 |    5279 |  28.1 |      37 |      12 |  24.5
   Spider:2 |    3144 |   14483 |  82.2 |       8 |      33 |  80.5
   Spider:3 |   13867 |    1336 |   8.8 |      28 |       1 |   3.4
   Spider:4 |   19185 |   25161 |  56.7 |      43 |      43 |  50.0
      Orc:1 |    3843 |       0 |   0.0 |      44 |       0 |   0.0
      Orc:2 |    3359 |   18939 |  84.9 |      35 |      37 |  51.4
   Vaults:1 |   43463 |    9384 |  17.8 |      58 |      13 |  18.3
   Vaults:2 |    6522 |    1127 |  14.7 |       9 |       3 |  25.0
    Volcano |       0 |    6559 | 100.0 |       0 |       8 | 100.0
     WizLab |       0 |     746 | 100.0 |       0 |       1 | 100.0
   Gauntlet |       0 |    5695 | 100.0 |       0 |      13 | 100.0
            +---------+---------+-------+---------+---------+-------

Skill      XL: |  1  2  3  4  5  6  7  8  9 10 11 12 13 14 15 16 17 18 19 |
---------------+----------------------------------------------------------+-----
Long Blades    | 4 6 7 8 10 11 12 14 15 16 17 18 | 18.2
Fighting       | 3 5 8 9 11 13 15 | 15.0
Armour         | 4 5 6 7 8 10 | 10.0
Invocations    | 3 6 7 8 10 11 12 | 12.6
Dodging        | 7 8 9 10 | 10.0
Throwing       | 6 8 9 10 12 13 | 13.0
Evocations     | 5 6 8 |  8.0
Stealth        | 4 6 8 |  8.0

Action                     |  1- 3 |  4- 6 |  7- 9 | 10-12 | 13-15 | 16-18 | 19-21 || total
---------------------------+-------+-------+-------+-------+-------+-------+-------++-------
  Melee: Long sword        |    51 |    45 |   181 |   353 |   491 |       |       ||  1121
         Dagger            |    38 |    37 |   167 |       |       |       |       ||   242
         Scimitar          |       |       |       |   202 |   906 |  2000 |   415 ||  3523
  Throw: Dart              |       |       |       |       |       |     1 |       ||     1
 Invoke: Heroism           |       |       |     3 |     9 |    13 |     4 |     2 ||    31
         Receive Weapon    |       |       |       |       |     1 |       |       ||     1
         Receive Armour    |       |       |       |       |     1 |       |       ||     1
         Finesse           |       |       |       |       |     1 |     1 |       ||     2
Ability: Invent Gizmo      |       |       |       |       |     1 |       |       ||     1
  Evoke: Wand              |       |       |       |     8 |     9 |    10 |       ||    27
    Use: Scroll            |     5 |     1 |    12 |     4 |    15 |     8 |     3 ||    48
         Potion            |     1 |       |       |       |     1 |     2 |     1 ||     5
   Stab: Sleeping          |     2 |       |     1 |     5 |     4 |    27 |     6 ||    45
         Paralysed         |       |       |       |       |    32 |    13 |       ||    45
         Distracted        |       |       |       |       |     3 |     9 |     2 ||    14
 Armour: Leather armour    |    22 |    48 |   128 |   181 |    26 |       |       ||   405
         Scale mail        |       |       |       |       |   506 |   911 |   140 ||  1557
  Dodge: Dodged            |    35 |    42 |    92 |   216 |   536 |  1167 |   199 ||  2287

Illustrated notes

Table legend:
 A = Kills in this place as a percentage of kills in the entire game.
 B = Kills by you in this place as a percentage of kills by you in the entire game.
 C = Kills by friends in this place as a percentage of kills by friends in the entire game.
 D = Other kills in this place as a percentage of other kills in the entire game.
 E = Experience gained in this place as a percentage of experience gained in the entire game.
 F = Experience gained in this place divided by the number of levels of this place that you have seen.
                   A       B       C       D       E      F
               +-------+-------+-------+-------+-------+----------------------
         Total | 100.0 | 100.0 |   N/A | 100.0 | 100.0 | 10292.8
       Dungeon |  34.9 |  34.9 |   N/A |   0.0 |  14.9 | 3670.5
          Lair |  15.7 |  15.8 |   N/A |   0.0 |  16.7 | 12398.4
         Swamp |  11.1 |  11.0 |   N/A | 100.0 |  15.6 | 14465.8
   Spider Nest |  18.4 |  18.5 |   N/A |   0.0 |  25.9 | 23997.8
  Orcish Mines |  10.4 |  10.4 |   N/A |   0.0 |   7.1 | 13070.5
        Vaults |   7.5 |   7.5 |   N/A |   0.0 |  16.3 | 30248.0
       Volcano |   0.7 |   0.7 |   N/A |   0.0 |   1.8 | 6559.0
        Wizlab |   0.1 |   0.1 |   N/A |   0.0 |   0.2 | 746.0
      Gauntlet |   1.2 |   1.2 |   N/A |   0.0 |   1.5 | 5695.0
               +-------+-------+-------+-------+-------+----------------------

Table legend: (Time is in decaauts)
 A = Elapsed time spent in this place.
 B = Non-inter-level travel time spent in this place.
 C = Inter-level travel time spent in this place.
 D = Time resting spent in this place.
 E = Time spent auto-exploring this place.
 F = Levels seen in this place.
 G = Mean time per level.
                   A        B        C        D        E       F      G
               +--------+--------+--------+--------+--------+-----+--------+
         Total |  34004 |  31810 |   2194 |   3804 |  21380 |  36 |  944.6 |
       Dungeon |  14715 |  13844 |    871 |   1434 |  10331 |  15 |  981.0 |
        Temple |     26 |      5 |     21 |      0 |      4 |   1 |   26.0 |
          Lair |   6518 |   5982 |    536 |    498 |   4125 |   5 | 1303.6 |
         Swamp |   3752 |   3332 |    420 |    757 |   1705 |   4 |  938.0 |
   Spider Nest |   4376 |   4219 |    157 |    758 |   2446 |   4 | 1094.0 |
  Orcish Mines |   1332 |   1256 |     76 |     38 |    870 |   2 |  666.0 |
        Vaults |   1597 |   1487 |    110 |     67 |    972 |   2 |  798.5 |
       Volcano |    612 |    612 |      0 |     30 |    441 |   1 |  612.0 |
        Wizlab |    259 |    259 |      0 |      2 |    154 |   1 |  259.0 |
      Gauntlet |    812 |    812 |      0 |    219 |    331 |   1 |  812.0 |
               +--------+--------+--------+--------+--------+-----+--------+

Top non-repeatable levels by time:
  Lair:1: 1634 daAuts
     D:7: 1460 daAuts
    D:12: 1449 daAuts
  Lair:3: 1443 daAuts
  Lair:2: 1395 daAuts
Vaults:1: 1382 daAuts
Spider:4: 1305 daAuts
     D:6: 1300 daAuts
    D:10: 1299 daAuts
 Swamp:4: 1286 daAuts
    D:11: 1211 daAuts
  Lair:5: 1178 daAuts
Spider:2: 1144 daAuts
     D:8: 1028 daAuts
 Swamp:3: 1021 daAuts
